 Dungeon Crawl Stone Soup version 0.30-a0-170-g85af917532 (webtiles) character file.

Game seed: 1405251228175967593

17199 qw the Cleaver (level 12, -4/76 HPs)
             Began as a Gargoyle Fighter on Oct 1, 2022.
             Was a High Priest of Okawaru.
             Killed from afar by an oklob plant (10 damage)
             ... with a splash of acid
             ... on level 1 of the Lair of Beasts.
             The game lasted 00:04:36 (13613 turns).

qw the Cleaver (Gargoyle Fighter)                  Turns: 13613, Time: 00:04:36

Health: -4/76      AC: 28    Str: 26    XL:     12   Next: 45%
Magic:  13/19      EV:  8    Int:  8    God:    Okawaru [*****.]
Gold:   235        SH: 12    Dex:  9    Spells: 11/11 levels left

rFire   . . .      SeeInvis +    Y - +1 war axe (protect)
rCold   . . .      Faith    .    u - +0 kite shield
rNeg    + . .      Spirit   .    g - +0 plate armour
rPois   inf        Reflect  .    l - +0 helmet
rElec   +          Harm     .    (no cloak)
rCorr   .          Rampage  .    j - +1 pair of gloves
Will    .....                    (no boots)
Stlth   ..........               n - amulet of the acrobat
HPRegen 0.22/turn                c - ring of see invisible
MPRegen 0.16/turn                t - +4 ring of protection

@: about to teleport, heroic, finesse-ful, corroded, under a protective aura
A: sickness immunity, AC +8, negative energy resistance 1, electricity
resistance, torment resistance 1, petrification resistance, passive freeze,
shaggy fur 1
a: Renounce Religion, Heroism, Finesse, Duel


You were on level 1 of the Lair of Beasts.
You worshipped Okawaru.
Okawaru was extremely pleased with you.
You visited 3 branches of the dungeon, and saw 14 of its levels.

You collected 763 gold pieces.
You spent 528 gold pieces at shops.


Innate Abilities, Weirdness & Mutations

You are immune to sickness and miasma.
Your stone body is resilient. (AC +8)
You are immune to poison.
You resist negative energy. (rN+)
You are resistant to electric shocks. (rElec)
You are resistant to unholy torment.
You are immune to petrification.
A frigid envelope surrounds you and freezes all who hurt you.
You are covered in fur. (AC +1)


   Skills:
 - Level 9.1(14.1) Fighting
 - Level 11.0(16.0) Axes
 - Level 3.2(8.2) Throwing
 + Level 7.6(12.6) Armour
 - Level 1.0(6.0) Dodging
 - Level 10.0(15.0) Shields
 - Level 10.0 Invocations


You had 11 spell levels left.
You didn't know any spells.
Your spell library was empty.

Inventory:

Hand Weapons
 a - a +4 morningstar
 Y - a +1 war axe of protection (weapon)
Missiles
 e - a javelin (quivered)
Armour
 g - a +0 plate armour (worn)
 j - a +1 pair of gloves (worn)
 l - a +0 helmet (worn)
 u - a +0 kite shield (worn)
Jewellery
 b - a ring of protection from cold
 c - a ring of see invisible (left hand)
 n - an amulet of the acrobat (around neck)
 r - a ring of protection from cold
 t - a +4 ring of protection (right hand)
 v - a +4 ring of evasion
Scrolls
 f - 5 scrolls of identify
 m - a scroll of acquirement {unknown}
 s - a scroll of teleportation
Potions
 d - 5 potions of might
 h - 3 potions of attraction
 i - 7 potions of curing
 k - 5 potions of haste
 o - 4 potions of mutation
 p - a potion of magic
 q - 4 potions of lignification
 w - a potion of cancellation {unknown}

Dungeon Overview and Level Annotations

Branches:
Dungeon (12/15)            Temple (1/1) D:5            Lair (1/5) D:11
    Orc (0/2) D:10

Altars:
Ashenzari
Cheibriados
Dithmenos
Elyvilon
Fedhas
Gozag
Hepliaklqana
Kikubaaqudgha
Makhleb
Nemelex Xobeh
Okawaru
Qazlal
Ru
Sif Muna
Trog
Uskayaw
Vehumet
Wu Jian
Xom
Yredelemnul
Zin
The Shining One

Shops:
D:3 (   D:4 !   D:6 (   D:8 ?   D:11 (


Message History

An oklob plant comes into view.
The oklob plant spits acid at you. The splash of acid misses you.
13604 ||| INVOKING Heroism.
You gain the combat prowess of a mighty hero.
The oklob plant spits acid at you. The splash of acid hits you!!
The acid corrodes you!
13605 ||| INVOKING Finesse.
You can now deal lightning-fast blows.
The oklob plant spits acid at you. You block the splash of acid.
An oklob plant comes into view.
Found 16 gold pieces.
The oklob plant spits acid at you. The splash of acid hits you!!
The acid corrodes you!
13607 ||| READING 2 scrolls of teleportation.
As you read the scroll of teleportation, it crumbles to dust.
You feel strangely unstable. The oklob plant spits acid at you.
You block the splash of acid. The oklob plant spits acid at you.
The splash of acid misses you.
The splash of acid hits the oklob plant.
The oklob plant completely resists.
The oklob plant spits acid at you. The splash of acid hits you!
The acid corrodes you!
You slash the oklob plant!
Your weapon exudes an aura of protection.
The oklob plant is lightly damaged.
You hit the oklob plant.
The oklob plant is lightly damaged.
You hit the oklob plant but do no damage.
The oklob plant is lightly damaged.
You slash the oklob plant!
The oklob plant is moderately damaged.
You hit the oklob plant but do no damage.
The oklob plant is moderately damaged.
The oklob plant spits acid at you. The splash of acid hits you!
You die...

............................#
.........................%..#
............................#
....#.#########..#..#..##...#
....####### #.#...........#
..........777 777777.....P...#
....#....77.777777777.......##
.....#...7.7.77P$.777....#..#
....##...77.7777@_$77....#...
....#...#7.7.77..$$7
....##..#7.77.7.77P7
..........77.7.77 77
.........7777.77
..........777777777
...................
...................
................#


You could see 2 oklob plants.

Vanquished Creatures
  An ogre mage (D:11)
  5 two-headed ogres
  A centaur warrior (D:10)
  Pikel (D:6)
  3 ugly things
  2 black mambas (Lair:1)
  Maggie (D:7)
  A freezing wraith (D:10)
  A kobold demonologist (D:9)
  An unseen horror (D:11)
  An efreet (D:10)
  2 trolls (D:11)
  A hornet (D:9)
  A meliai (D:10)
  A wraith (D:12)
  22 yaks
  A steam dragon (D:8)
  A basilisk (D:12)
  2 vampire mosquitoes (D:12)
  An acid dragon (D:10)
  5 water moccasins
  Duvessa (D:6)
  3 orc warriors
  A black bear (D:7)
  A sky beast (D:7)
  An ice beast (D:5)
  An ogre (D:11)
  5 wolves (Lair:1)
  2 centaurs
  A lemure (D:6)
  8 kobold brigands
  2 gnoll sergeants
  6 bullfrogs
  7 scorpions
  4 wights (D:7)
  Dowan (D:6)
  2 howler monkeys (D:10)
  2 electric eels (D:12)
  4 jellies
  4 hounds
  7 orc priests
  A gnoll bouda (D:5)
  3 iguanas
  8 orc wizards
  Robin (D:3)
  11 gnolls
  7 adders
  A shadow imp (D:6)
  2 white imps
  2 worms
  46 orcs
  7 endoplasms
  6 giant cockroaches
  6 hobgoblins
  32 kobolds
  6 quokkas
  10 ball pythons
  7 bats
  6 frilled lizards
  21 goblins
  6 rats
307 creatures vanquished.

Vanquished Creatures (others)
  A wizard (D:10)
  7 fungi
  15 plants
23 creatures vanquished.

Grand Total: 330 creatures vanquished

Notes
Turn   | Place    | Note
-------+----------+-------------------------------------------
     0 | D:1      | qw the Gargoyle Fighter began the quest for the Orb.
     0 | D:1      | Reached XP level 1. HP: 14/14 MP: 1/1
     0 | D:1      | 0 ||| qw: Version: 0.2-a-13-gfc7b4b4
     0 | D:1      | 0 ||| qw: Game counter: 1730
     0 | D:1      | 0 ||| qw: Always use a shield: true
     0 | D:1      | 0 ||| qw: God list: Okawaru
     0 | D:1      | 0 ||| qw: Allow faded altars: false
     0 | D:1      | 0 ||| qw: Do Orc after D:15 true
     0 | D:1      | 0 ||| qw: Do second Lair branch before Depths: true
     0 | D:1      | 0 ||| qw: Lair rune preference: random
     0 | D:1      | 0 ||| qw: Plans: Normal, Zot:1-4, God:TSO, Crypt, Tomb,
                  | Pan, Slime:5, Hells, Abyss, Orb
     0 | D:1      | 0 ||| PLANNING D:1-11
    27 | D:1      | Reached skill level 2 in Axes
   151 | D:1      | Reached XP level 2. HP: 17/19 MP: 2/2
   218 | D:1      | 218 ||| DROPPING +0 club.
   691 | D:1      | Reached skill level 3 in Axes
   742 | D:1      | 742 ||| Stepping ~*~*~tactically~*~*~ (stealth).
   744 | D:1      | 744 ||| Stepping ~*~*~tactically~*~*~ (stealth).
   745 | D:1      | 745 ||| Stepping ~*~*~tactically~*~*~ (stealth).
   769 | D:1      | 769 ||| Stepping ~*~*~tactically~*~*~ (stealth).
   770 | D:1      | 770 ||| Stepping ~*~*~tactically~*~*~ (stealth).
   777 | D:1      | Reached XP level 3. HP: 22/23 MP: 3/3
  1317 | D:1      | 1317 ||| READING scroll labelled ISSEKLUSCHE.
  1318 | D:1      | 1318 ||| DRINKING 3 bubbling amethyst potions.
  1341 | D:2      | 1341 ||| STAIRDANCE
  1528 | D:2      | 1528 ||| Stepping ~*~*~tactically~*~*~ (stealth).
  1601 | D:2      | Reached XP level 4. HP: 28/28 MP: 4/4
  1738 | D:2      | Identified the +3 robe of Foolhardiness {+Blink rPois
                  | Dex-4}
  1857 | D:2      | 1857 ||| UPGRADING to +0 pair of gloves.
  1862 | D:2      | 1862 ||| UPGRADING to amulet of the acrobat.
  1867 | D:2      | 1867 ||| UPGRADING to ring of protection from cold.
  1868 | D:2      | 1868 ||| READING scroll labelled TAIHAI DIUDA.
  1891 | D:2      | 1891 ||| STAIRDANCE
  1925 | D:3      | 1925 ||| STAIRDANCE
  1957 | D:3      | 1957 ||| Stepping ~*~*~tactically~*~*~ (stealth).
  1961 | D:3      | 1961 ||| Stepping ~*~*~tactically~*~*~ (stealth).
  1975 | D:3      | Noticed Robin
  1979 | D:3      | Reached skill level 4 in Axes
  1983 | D:3      | Killed Robin
  2055 | D:3      | 2055 ||| DROPPING +0 whip.
  2305 | D:3      | Reached XP level 5. HP: 32/32 MP: 5/5
  2740 | D:3      | Found Heten's Weapon Shop.
  2886 | D:3      | 2886 ||| UPGRADING to +0 helmet.
  2891 | D:3      | 2891 ||| UPGRADING to +4 ring of protection.
  2892 | D:3      | 2892 ||| READING scroll labelled XELAGU XYINN.
  2893 | D:3      | 2893 ||| READING scroll labelled JUIBLO OZESCH.
  2894 | D:3      | 2894 ||| READING scroll labelled RIYGEY EDURAB.
  2895 | D:3      | 2895 ||| DRINKING 2 fizzy brown potions.
  2896 | D:3      | 2896 ||| DROPPING potion of brilliance.
  3061 | D:4      | Found Dueqab's Distillery.
  3070 | D:4      | 3070 ||| BUYING 2 potions of lignification (60 gold).
  3070 | D:4      | Bought 2 potions of lignification for 60 gold pieces
  3070 | D:4      | 3070 ||| BUYING potion of attraction (30 gold).
  3070 | D:4      | Bought a potion of attraction for 30 gold pieces
  3070 | D:4      | 3070 ||| BUYING potion of attraction (30 gold).
  3070 | D:4      | Bought a potion of attraction for 30 gold pieces
  3070 | D:4      | 3070 ||| BUYING potion of curing (30 gold).
  3070 | D:4      | Bought a potion of curing for 30 gold pieces
  3070 | D:4      | 3070 ||| SHOPLISTING potion of experience (500 gold, have
                  | 102).
  3070 | D:4      | 3070 ||| BUYING potion of haste (100 gold).
  3070 | D:4      | Bought a potion of haste for 100 gold pieces
  3119 | D:4      | 3119 ||| Stepping ~*~*~tactically~*~*~ (stealth).
  3368 | D:4      | Reached skill level 5 in Axes
  3775 | D:4      | 3775 ||| UPGRADING to +0 plate armour.
  3785 | D:4      | 3785 ||| DROPPING +0 scale mail.
  3786 | D:4      | 3786 ||| READING scroll labelled FEICUEB EZUMP.
  3787 | D:4      | 3787 ||| READING scroll labelled EHAEPPI OD CIX.
  3792 | D:4      | 3792 ||| DRINKING 2 green potions.
  3792 | D:4      | Gained mutation: A frigid envelope surrounds you and
                  | freezes all who hurt you. [potion of mutation]
  3792 | D:4      | Gained mutation: You are covered in fur. (AC +1) [potion of
                  | mutation]
  3804 | D:5      | Entered Level 5 of the Dungeon
  3822 | D:5      | 3822 ||| Stepping ~*~*~tactically~*~*~ (hiding).
  3831 | D:5      | Reached XP level 6. HP: 38/38 MP: 6/6
  3832 | D:5      | 3832 ||| Stepping ~*~*~tactically~*~*~ (hiding).
  4037 | D:5      | Reached skill level 6 in Axes
  4161 | D:5      | Found a staircase to the Ecumenical Temple.
  4162 | D:5      | 4162 ||| PLANNING TEMPLE
  4293 | D:5      | 4293 ||| READING scroll labelled SOREUNN SYON.
  4299 | Temple   | Entered the Ecumenical Temple
  4416 | Temple   | 4416 ||| PLANNING OKAWARU WORSHIP
  4491 | Temple   | Became a worshipper of Warmaster Okawaru
  4492 | Temple   | 4492 ||| PLANNING D:1-11
  4570 | D:5      | Reached XP level 7. HP: 31/43 MP: 7/7
  4582 | D:5      | 4582 ||| FLEEEEING.
  4583 | D:5      | 4583 ||| FLEEEEING.
  4585 | D:5      | 4585 ||| FLEEEEING.
  4586 | D:5      | 4586 ||| FLEEEEING.
  4587 | D:5      | 4587 ||| FLEEEEING.
  4588 | D:5      | 4588 ||| FLEEEEING.
  4589 | D:5      | 4589 ||| FLEEEEING.
  4590 | D:5      | 4590 ||| FLEEEEING.
  4591 | D:5      | 4591 ||| FLEEEEING.
  4592 | D:5      | 4592 ||| FLEEEEING.
  4593 | D:5      | 4593 ||| FLEEEEING.
  4594 | D:5      | 4594 ||| FLEEEEING.
  4595 | D:5      | 4595 ||| FLEEEEING.
  4596 | D:5      | 4596 ||| FLEEEEING.
  4597 | D:5      | 4597 ||| STAIRDANCE
  4723 | D:5      | 4723 ||| Stepping ~*~*~tactically~*~*~ (stealth).
  4724 | D:5      | 4724 ||| Stepping ~*~*~tactically~*~*~ (stealth).
  4725 | D:5      | 4725 ||| Stepping ~*~*~tactically~*~*~ (stealth).
  4733 | D:5      | Reached * piety under Okawaru
  4789 | D:5      | 4789 ||| Stepping ~*~*~tactically~*~*~ (stealth).
  4791 | D:5      | 4791 ||| INVOKING Heroism.
  4798 | D:5      | Reached skill level 1 in Invocations
  4928 | D:5      | 4928 ||| INVOKING Heroism.
  4934 | D:5      | Reached skill level 7 in Axes
  4934 | D:5      | Reached XP level 8. HP: 48/48 MP: 6/9
  5120 | D:6      | Noticed Dowan
  5120 | D:6      | Noticed Duvessa
  5121 | D:6      | 5121 ||| INVOKING Heroism.
  5123 | D:6      | Noticed Pikel
  5131 | D:6      | Killed Duvessa
  5132 | D:6      | Reached skill level 3 in Invocations
  5136 | D:6      | Killed Pikel
  5136 | D:6      | Reached ** piety under Okawaru
  5136 | D:6      | Killed Dowan
  5137 | D:6      | Reached skill level 6 in Fighting
  5261 | D:6      | 5261 ||| INVOKING Heroism.
  5472 | D:6      | Reached skill level 1 in Dodging
  5563 | D:6      | 5563 ||| Stepping ~*~*~tactically~*~*~ (stealth).
  5574 | D:6      | Reached XP level 9. HP: 55/55 MP: 12/12
  5593 | D:6      | Found Kazaelaf's Antique Weapon Boutique.
  5603 | D:6      | 5603 ||| SHOPLISTING glowing war axe (162 gold, have 115).
  5603 | D:6      | 5603 ||| SHOPLISTING runed flail (162 gold, have 115).
  5603 | D:6      | 5603 ||| SHOPLISTING runed war axe (162 gold, have 115).
  5677 | D:6      | 5677 ||| INVOKING Heroism.
  6023 | D:6      | 6023 ||| UPGRADING to +0 kite shield.
  6033 | D:6      | 6033 ||| DROPPING +0 buckler.
  6034 | D:6      | 6034 ||| READING scroll labelled VONYFROILU.
  6035 | D:6      | 6035 ||| READING 2 scrolls of identify.
  6035 | D:6      | 6035 ||| IDENTIFYING orange potion
  6036 | D:6      | 6036 ||| DROPPING potion of ambrosia.
  6072 | D:7      | Noticed Maggie
  6073 | D:7      | 6073 ||| STAIRDANCE
  6108 | D:7      | 6108 ||| STAIRDANCE
  6114 | D:7      | 6114 ||| STAIRDANCE
  6124 | D:7      | 6124 ||| STAIRDANCE
  6140 | D:7      | 6140 ||| INVOKING Heroism.
  6144 | D:7      | Killed Maggie
  6144 | D:7      | Reached *** piety under Okawaru
  6288 | D:7      | 6288 ||| INVOKING Heroism.
  6294 | D:7      | Reached skill level 6 in Shields
  6411 | D:7      | 6411 ||| Stepping ~*~*~tactically~*~*~ (hiding).
  6438 | D:7      | 6438 ||| Stepping ~*~*~tactically~*~*~ (stealth).
  6439 | D:7      | 6439 ||| Stepping ~*~*~tactically~*~*~ (stealth).
  6463 | D:7      | 6463 ||| DROPPING +0 morningstar.
  6470 | D:7      | 6470 ||| Stepping ~*~*~tactically~*~*~ (stealth).
  6553 | D:7      | 6553 ||| Stepping ~*~*~tactically~*~*~ (hiding).
  6559 | D:7      | Reached skill level 8 in Axes
  6559 | D:7      | Reached **** piety under Okawaru
  7064 | D:7      | 7064 ||| READING 2 scrolls of identify.
  7064 | D:7      | 7064 ||| IDENTIFYING inky potion
  7065 | D:7      | 7065 ||| DROPPING potion of flight.
  7088 | D:8      | 7088 ||| STAIRDANCE
  7115 | D:8      | 7115 ||| STAIRDANCE
  7135 | D:8      | 7135 ||| Stepping ~*~*~tactically~*~*~ (stealth).
  7140 | D:8      | 7140 ||| INVOKING Heroism.
  7224 | D:8      | 7224 ||| Stepping ~*~*~tactically~*~*~ (hiding).
  7311 | D:8      | 7311 ||| INVOKING Heroism.
  7371 | D:8      | Found Yqualit's Magic Scroll Shop.
  7378 | D:8      | 7378 ||| Stepping ~*~*~tactically~*~*~ (hiding).
  7384 | D:8      | 7384 ||| Stepping ~*~*~tactically~*~*~ (stealth).
  7402 | D:8      | 7402 ||| Stepping ~*~*~tactically~*~*~ (stealth).
  7404 | D:8      | 7404 ||| Stepping ~*~*~tactically~*~*~ (stealth).
  7412 | D:8      | 7412 ||| INVOKING Heroism.
  7450 | D:8      | 7450 ||| Stepping ~*~*~tactically~*~*~ (stealth).
  7455 | D:8      | 7455 ||| Stepping ~*~*~tactically~*~*~ (stealth).
  7461 | D:8      | 7461 ||| INVOKING Heroism.
  7475 | D:8      | Reached skill level 1 in Throwing
  7475 | D:8      | Reached XP level 10. HP: 52/60 MP: 12/14
  7530 | D:8      | 7530 ||| BUYING scroll of identify (28 gold).
  7530 | D:8      | Bought a scroll of identify for 28 gold pieces
  7530 | D:8      | 7530 ||| BUYING scroll of identify (28 gold).
  7530 | D:8      | Bought a scroll of identify for 28 gold pieces
  7530 | D:8      | 7530 ||| BUYING scroll of teleportation (42 gold).
  7530 | D:8      | Bought a scroll of teleportation for 42 gold pieces
  7679 | D:8      | 7679 ||| INVOKING Heroism.
  7684 | D:8      | Reached skill level 6 in Invocations
  7835 | D:8      | 7835 ||| Stepping ~*~*~tactically~*~*~ (stealth).
  7842 | D:8      | 7842 ||| Stepping ~*~*~tactically~*~*~ (stealth).
  7843 | D:8      | 7843 ||| Stepping ~*~*~tactically~*~*~ (stealth).
  7844 | D:8      | 7844 ||| INVOKING Heroism.
  8176 | D:8      | 8176 ||| INVOKING Heroism.
  8319 | D:8      | 8319 ||| Stepping ~*~*~tactically~*~*~ (hiding).
  8321 | D:8      | 8321 ||| Stepping ~*~*~tactically~*~*~ (hiding).
  8322 | D:8      | Noticed a two-headed ogre
  8323 | D:8      | 8323 ||| INVOKING Heroism.
  8338 | D:8      | Killed a two-headed ogre
  8339 | D:8      | Reached skill level 9 in Axes
  8510 | D:8      | 8510 ||| UPGRADING to ring of see invisible.
  8512 | D:8      | 8512 ||| DRINKING 3 viscous silvery potions.
  8513 | D:8      | 8513 ||| READING 5 scrolls of identify.
  8513 | D:8      | 8513 ||| IDENTIFYING smoky dark potion
  8514 | D:8      | 8514 ||| READING 4 scrolls of identify.
  8514 | D:8      | 8514 ||| IDENTIFYING grey potion
  8515 | D:8      | 8515 ||| READING 3 scrolls of identify.
  8515 | D:8      | 8515 ||| IDENTIFYING fuming dark potion
  8516 | D:8      | 8516 ||| DROPPING potion of berserk rage.
  8517 | D:8      | 8517 ||| DROPPING 2 potions of invisibility.
  8518 | D:8      | 8518 ||| DROPPING potion of degeneration.
  8544 | D:9      | 8544 ||| STAIRDANCE
  8603 | D:9      | 8603 ||| STAIRDANCE
  8752 | D:9      | Reached skill level 6 in Armour
  8762 | D:9      | 8762 ||| Stepping ~*~*~tactically~*~*~ (stealth).
  8775 | D:9      | Noticed a kobold demonologist
  8778 | D:9      | 8778 ||| INVOKING Heroism.
  8789 | D:9      | Noticed a smoke demon
  8793 | D:9      | Killed a kobold demonologist
  8902 | D:9      | 8902 ||| INVOKING Heroism.
  8954 | D:9      | Found a blossoming altar of Fedhas.
  8956 | D:9      | Found a stormy altar of Qazlal.
  9094 | D:9      | 9094 ||| INVOKING Heroism.
  9134 | D:9      | Found an ancient bone altar of Kikubaaqudgha.
  9137 | D:9      | Found a snail-covered altar of Cheibriados.
  9137 | D:9      | Found a white marble altar of Elyvilon.
  9258 | D:9      | 9258 ||| INVOKING Heroism.
  9474 | D:9      | 9474 ||| READING scroll labelled LIATEE ZAIPSY.
  9475 | D:9      | 9475 ||| READING 2 scrolls labelled VIDDED AJEM.
  9476 | D:9      | 9476 ||| DROPPING scroll of poison.
  9520 | D:10     | Entered Level 10 of the Dungeon
  9528 | D:10     | Found Zin's Purification Station.
  9528 | D:10     | Found a glowing silver altar of Zin.
  9536 | D:10     | 9536 ||| BUYING 2 potions of curing (180 gold).
  9536 | D:10     | Bought 2 potions of curing for 180 gold pieces
  9576 | D:10     | 9576 ||| Stepping ~*~*~tactically~*~*~ (hiding).
  9579 | D:10     | 9579 ||| DRINKING 7 potions of curing.
  9579 | D:10     | 9579 ||| (to cure confusion)
  9686 | D:10     | 9686 ||| Stepping ~*~*~tactically~*~*~ (stealth).
  9688 | D:10     | 9688 ||| Stepping ~*~*~tactically~*~*~ (hiding).
  9695 | D:10     | 9695 ||| INVOKING Heroism.
  9699 | D:10     | Reached XP level 11. HP: 33/67 MP: 14/17
  9963 | D:10     | Found a bloodstained altar of Trog.
  9967 | D:10     | Noticed a wizard
  9971 | D:10     | Killed a wizard
  9997 | D:10     | Found a staircase to the Orcish Mines.
 10085 | D:10     | Noticed a white ugly thing
 10087 | D:10     | 10087 ||| INVOKING Heroism.
 10101 | D:10     | Killed a white ugly thing
 10279 | D:10     | 10279 ||| Stepping ~*~*~tactically~*~*~ (stealth).
 10281 | D:10     | 10281 ||| INVOKING Heroism.
 10287 | D:10     | 10287 ||| Stepping ~*~*~tactically~*~*~ (stealth).
 10335 | D:10     | 10335 ||| Stepping ~*~*~tactically~*~*~ (stealth).
 10339 | D:10     | Noticed a centaur warrior
 10340 | D:10     | 10340 ||| Stepping ~*~*~tactically~*~*~ (stealth).
 10341 | D:10     | Noticed a two-headed ogre
 10342 | D:10     | 10342 ||| Stepping ~*~*~tactically~*~*~ (stealth).
 10345 | D:10     | 10345 ||| Stepping ~*~*~tactically~*~*~ (stealth).
 10349 | D:10     | 10349 ||| INVOKING Heroism.
 10349 | D:10     | Killed a centaur warrior
 10350 | D:10     | Reached skill level 9 in Shields
 10350 | D:10     | Reached skill level 9 in Invocations
 10360 | D:10     | 10360 ||| Stepping ~*~*~tactically~*~*~ (stealth).
 10361 | D:10     | HP: 16/67 [freezing wraith (11)]
 10362 | D:10     | 10362 ||| READING 2 scrolls of teleportation.
 10666 | D:10     | 10666 ||| INVOKING Heroism.
 10677 | D:10     | Killed a two-headed ogre
 10945 | D:10     | 10945 ||| READING scroll labelled LOPAGORALE.
 11064 | D:11     | 11064 ||| Stepping ~*~*~tactically~*~*~ (stealth).
 11076 | D:11     | Received a gift from Okawaru
 11127 | D:11     | Noticed a two-headed ogre
 11128 | D:11     | 11128 ||| INVOKING Heroism.
 11134 | D:11     | Noticed an ogre mage
 11134 | D:11     | Noticed a two-headed ogre
 11138 | D:11     | Killed a two-headed ogre
 11139 | D:11     | Reached skill level 10 in Axes
 11141 | D:11     | Noticed a two-headed ogre
 11145 | D:11     | Killed a two-headed ogre
 11145 | D:11     | Reached ***** piety under Okawaru
 11145 | D:11     | Received a gift from Okawaru
 11149 | D:11     | Killed an ogre mage
 11153 | D:11     | Killed a two-headed ogre
 11248 | D:11     | Found a staircase to the Lair.
 11249 | D:11     | 11249 ||| INVOKING Heroism.
 11378 | D:11     | 11378 ||| INVOKING Heroism.
 11412 | D:11     | 11412 ||| Stepping ~*~*~tactically~*~*~ (stealth).
 11428 | D:11     | 11428 ||| FLEEEEING.
 11432 | D:11     | 11432 ||| INVOKING Heroism.
 11437 | D:11     | Reached XP level 12. HP: 58/75 MP: 16/19
 11800 | D:11     | Found a bloodstained altar of Trog.
 11825 | D:11     | 11825 ||| INVOKING Heroism.
 11827 | D:11     | Reached skill level 3 in Throwing
 12089 | D:11     | Found Ykkataga's Antique Weapon Boutique.
 12113 | D:11     | Reached skill level 11 in Axes
 12480 | D:11     | 12480 ||| DROPPING ring of willpower.
 12481 | D:11     | 12481 ||| READING scroll labelled QUYCZI QULL.
 12504 | D:12     | 12504 ||| PLANNING GAUNTLET
 12524 | D:12     | 12524 ||| Stepping ~*~*~tactically~*~*~ (hiding).
 12773 | D:12     | 12773 ||| Stepping ~*~*~tactically~*~*~ (hiding).
 13001 | D:12     | 13001 ||| RIP GAUNTLET
 13017 | D:12     | 13017 ||| PLANNING LAIR
 13194 | Lair:1   | Entered Level 1 of the Lair of Beasts
 13262 | Lair:1   | 13262 ||| Stepping ~*~*~tactically~*~*~ (stealth).
 13299 | Lair:1   | 13299 ||| Stepping ~*~*~tactically~*~*~ (stealth).
 13303 | Lair:1   | 13303 ||| Stepping ~*~*~tactically~*~*~ (stealth).
 13305 | Lair:1   | 13305 ||| Stepping ~*~*~tactically~*~*~ (stealth).
 13375 | Lair:1   | 13375 ||| Stepping ~*~*~tactically~*~*~ (water).
 13377 | Lair:1   | Reached skill level 9 in Fighting
 13405 | Lair:1   | 13405 ||| INVOKING Heroism.
 13412 | Lair:1   | Identified the +3 troll leather armour of Beyond {rN+
                  | Regen+ Slay+3} (Okawaru gifted it to you on level 1 of the
                  | Lair of Beasts)
 13412 | Lair:1   | Received a gift from Okawaru
 13443 | Lair:1   | 13443 ||| READING scroll of enchant armour.
 13443 | Lair:1   | 13443 ||| ENCHANTING +0 pair of gloves.
 13601 | Lair:1   | Found a blossoming altar of Fedhas.
 13604 | Lair:1   | 13604 ||| INVOKING Heroism.
 13605 | Lair:1   | 13605 ||| INVOKING Finesse.
 13606 | Lair:1   | HP: 16/76 [oklob plant/splash of acid (28)]
 13607 | Lair:1   | 13607 ||| READING 2 scrolls of teleportation.
 13608 | Lair:1   | HP: 6/76 [oklob plant/splash of acid (11)]
 13613 | Lair:1   | Killed from afar by an oklob plant

Levels and vault maps discovered:
D:1:      spicycebolla_arrival_ecumenical, layout_basic
D:2:      layout_rooms
D:3:      minmay_general_purpose_star, layout_basic, serial_shops, shop,
          minmay_between, uniq_robin
D:4:      layout_basic, serial_shops, nicolae_shop_crystal
D:5:      layout_loops_cross, minmay_temple_entry_proselytizer
D:6:      layout_layer_cave, serial_shops, shop, uniq_pikel, uniq_duvessa
D:7:      layout_loops_ring, uniq_maggie
D:8:      layout_layer_cave, serial_shops, shop, special_room
          [special_room_orc], enter_bailey_5
D:9:      layout_grid_maze, nicolae_overflow_hidden_temple
D:10:     layout_rooms, zin_purify, trog_wizard, orc_0_dummy,
          minmay_shattered_shrine
D:11:     layout_layer_cave, grunt_lair_entry_orc_guard_hut, serial_glass,
          glass_columns_a, glass_columns_a, serial_shops,
          nicolae_take_the_stairs, trog_three_pillars_becter
D:12:     layout_basic, gauntlet_entry_generic, minmay_misc_feat_tower
Temple:   bh_familiar_temple
Lair:1:   layout_regular_city, serial_bayou_pond_c, grunt_forest_stairs_basic,
          hangedman_tree_tricks

Skill      XL: |  1  2  3  4  5  6  7  8  9 10 11 12 |
---------------+-------------------------------------+-----
Axes           | 2 3 4 5 6 7 8 9 10 11 | 11.0
Fighting       | 4 6 7 8 9 |  9.1
Armour         | 4 5 6 7 |  7.6
Invocations    | 2 5 8 10 | 10.0
Dodging        | 1 |  1.0
Shields        | 7 8 9 10 | 10.0
Throwing       | 1 2 3 |  3.2

Action                   |  1- 3 |  4- 6 |  7- 9 | 10-12 || total
-------------------------+-------+-------+-------+-------++-------
Melee: War axe           |   135 |   155 |   198 |   364 ||   852
Throw: Boomerang         |       |       |     5 |     4 ||     9
       Javelin           |       |       |       |    15 ||    15
Invok: Heroism           |       |       |    11 |    20 ||    31
       Finesse           |       |       |       |     1 ||     1
  Use: Scroll            |     1 |     7 |     3 |    10 ||    21
       Potion            |     1 |     2 |       |     2 ||     5
 Stab: Invisible         |       |       |       |     1 ||     1
Armor: Scale mail        |    69 |    52 |       |       ||   121
       Plate armour      |       |    28 |   149 |   229 ||   406
Dodge: Dodged            |    53 |    58 |    72 |   100 ||   283
Block: Buckler           |    23 |    27 |    19 |       ||    69
       Kite shield       |       |       |    47 |   181 ||   228

Table legend:
 A = Non-vault XP
 B = Vault XP
 C = Vault XP percentage of total XP
 D = Non-vault monster count
 E = Vault monster count
 F = Vault count percentage of total count
                 A         B        C        D         E       F
            +---------+---------+-------+---------+---------+-------
      Total |   19648 |    4923 |  20.0 |     244 |      62 |  20.3
            +---------+---------+-------+---------+---------+-------
        D:1 |      49 |       0 |   0.0 |      33 |       0 |   0.0
        D:2 |      39 |       0 |   0.0 |      11 |       0 |   0.0
        D:3 |      51 |      55 |  51.9 |      21 |      16 |  43.2
        D:4 |     106 |       0 |   0.0 |      11 |       0 |   0.0
        D:5 |     991 |      43 |   4.2 |      34 |       1 |   2.9
        D:6 |     523 |     816 |  60.9 |      14 |       3 |  17.6
        D:7 |    1051 |     389 |  27.0 |      16 |       1 |   5.9
        D:8 |    2651 |     242 |   8.4 |      25 |      28 |  52.8
        D:9 |    2064 |       0 |   0.0 |      29 |       0 |   0.0
       D:10 |    1079 |    2592 |  70.6 |       6 |       7 |  53.8
       D:11 |    7253 |     786 |   9.8 |      20 |       6 |  23.1
       D:12 |    1525 |       0 |   0.0 |      11 |       0 |   0.0
     Lair:1 |    2266 |       0 |   0.0 |      13 |       0 |   0.0
            +---------+---------+-------+---------+---------+-------
